 Dungeon Crawl Stone Soup version 0.27-a0-1272-g7c8ad2e407 (webtiles) character file.

Game seed: 7834853211311161377

7758 Kinoniko the Fencer (level 11, -9/75 HPs)
             Began as a Demonspawn Berserker on June 11, 2021.
             Was a High Priest of Trog.
             Hit by a large rock thrown by a cyclops (18 damage)
             ... while petrified by a basilisk
             ... on level 9 of the Dungeon.
             The game lasted 00:09:01 (9307 turns).

Kinoniko the Fencer (Demonspawn Berserker)          Turns: 9307, Time: 00:09:02

Health: -9/75      AC:  8    Str: 20    XL:     11   Next: 1%
Magic:  11/11      EV:  2    Int:  9    God:    Trog [*****.]
Gold:   430        SH:  0    Dex: 13    Spells: 10/10 levels left

rFire    . . .     SeeInvis .   H - +1 long sword (elec)
rCold    . . .     Faith    .   (no shield)
rNeg     + + +     Spirit   .   y - +1 chain mail of Joekh {Regen+}
rPois    ∞         Reflect  +   (helmet restricted)
rElec    .         Harm     .   (no cloak)
rCorr    .         Rampage  .   (no gloves)
Will     .....                  o - +0 pair of boots
Stlth    ..........             K - amulet of reflection
HPRegen  1.22/turn              v - ring of poison resistance
MPRegen  0.12/turn              g - +4 ring of slaying

@: petrified, corroded, on berserk cooldown, slowed
A: horns 1, slimy green scales 1, condensation shield, demonic magic 3
a: Renounce Religion, Berserk, Trog's Hand, Brothers in Arms


You were on level 9 of the Dungeon.
You worshipped Trog.
Trog was extremely pleased with you.
You visited 1 branch of the dungeon, and saw 9 of its levels.

You collected 430 gold pieces.

Inventory:

Hand Weapons
 a - a +0 falchion
 b - a +2 short sword of speed
 q - a +2 vampiric short sword
 H - a +1 long sword of electrocution (weapon)
 N - a +2 antimagic scimitar
Armour
 k - a +0 scale mail
 o - a +0 pair of boots (worn)
 y - the +1 chain mail of Joekh (worn) {Regen+}
   (You found it on level 6 of the Dungeon)

   It increases your rate of health regeneration.
 I - a scarf of harm
Jewellery
 d - a ring of positive energy
 g - a +4 ring of slaying (right hand)
 v - a ring of poison resistance (left hand)
 K - an amulet of reflection (around neck)
Wands
 n - a wand of flame (30)
 u - a wand of acid (7)
 E - a wand of iceblast (8)
Scrolls
 c - a scroll of silence {unknown}
 f - 2 scrolls of noise {unknown}
 i - 2 scrolls of brand weapon {unknown}
 l - 4 scrolls of identify {unknown}
 p - a scroll of fear {unknown}
 r - 2 scrolls of fog {unknown}
 s - a scroll of blinking {unknown}
 t - 2 scrolls of summoning {unknown}
 w - 2 scrolls of holy word {unknown}
 C - a scroll of amnesia {unknown}
 D - a scroll of immolation {unknown}
 F - a scroll of magic mapping {unknown}
 J - a scroll of teleportation {unknown}
 L - a scroll of enchant weapon {unknown}
Potions
 e - 3 potions of lignification {unknown}
 h - 3 potions of berserk rage {unknown}
 j - 6 potions of curing {unknown}
 m - 4 potions of flight {unknown}
 x - 2 potions of heal wounds
 z - a potion of mutation {unknown}
 A - a potion of attraction {unknown}
 B - a potion of degeneration {unknown}
 G - a potion of might {unknown}
 M - a potion of brilliance {unknown}
 O - a potion of haste {unknown}


   Skills:
 - Level 3.0 Fighting
 * Level 15.0 Long Blades
 - Level 1.7 Armour
 - Level 1.7 Dodging


You had 10 spell levels left.
You didn't know any spells.
Your spell library contained the following spells:

 Spells                   Type           Power      Damage    Failure   Level
 Poisonous Vapours        Pois/Air       0%         N/A       100%        2
 Conjure Flame            Conj/Fire      0%         6-21      100%        3
 Mephitic Cloud           Conj/Pois/Air  0%         N/A       100%        3
 Freezing Cloud           Conj/Ice/Air   0%         6-21      100%        5


Dungeon Overview and Level Annotations

Branches:
Dungeon (9/15)             Temple (0/1) D:4
   Lair: D:8-11         Orc: D:9-12

Altars:
Cheibriados
Elyvilon
Fedhas
Gozag
Qazlal
Trog
Vehumet
Wu Jian
The Shining One

Shops:
D:8 :


Innate Abilities, Weirdness & Mutations

You have a pair of small horns on your head.
You are partially covered in slimy green scales. (AC +2)
A meltable shield of frost defends you. (SH +4)
Spells you cast and wands you use may paralyse nearby enemies.


Message History

Lightning courses through the tengu warrior!
The tengu warrior is severely wounded.
You slash the tengu warrior! You headbutt the tengu warrior.
You kill the tengu warrior!
Trog accepts your kill. The basilisk gazes at you.
You are slowing down.
Your chain mail of Joekh prevents you from hitting the basilisk.
You headbutt the basilisk!
The basilisk is heavily wounded.
You slash the basilisk! You headbutt the basilisk!
You kill the basilisk!
Trog accepts your kill.
The brown ugly thing punches you but does no damage.
Your limbs are stiffening.
Your Long Blades skill increases to level 15!
You have reached level 11!
Your chain mail of Joekh prevents you from hitting the brown ugly thing.
The cyclops throws a large rock.
The large rock barely misses you.
You closely miss the brown ugly thing. You headbutt the brown ugly thing!
The brown ugly thing is lightly wounded.
The brown ugly thing punches you but does no damage.
You have turned to stone.
The brown ugly thing punches you but does no damage.
The cyclops throws a large rock.
The large rock hits you!! The brown ugly thing punches you!
You are splashed with acid.
The brown ugly thing punches you! The acid corrodes you!
You are splashed with acid.
The cyclops throws a large rock.
The large rock hits you!!
* * * LOW HITPOINT WARNING * * *
You are no longer berserk.
You feel yourself slow down. The brown ugly thing punches you!
* * * LOW HITPOINT WARNING * * *
You are splashed with acid!
* * * LOW HITPOINT WARNING * * *
The cyclops throws a large rock.
The large rock hits you!
* * * LOW HITPOINT WARNING * * *
The brown ugly thing punches you but does no damage.
The cyclops throws a large rock.
The large rock hits you!!!
You die...

..........####.###
...#...†##
..........##.....
#......).#
..........# ......
.#..#.....##
..........#
..###..##..#.......
..........#
...##!#.. ##.).)..
.########.###....?(
###)).. #...##C..#
#)).. #....#†u#
#.... #....#@.#
#..[. #.......#
#.... #....#.....#
#.... #....#....##
#.... #...###[.##
#.... #.### ###
#.... #. .. ##


You could see a brown ugly thing and a cyclops.

Vanquished Creatures
  A hydra (D:9)
  A tengu warrior (D:9)
  Joseph (D:7)
  2 centaur zombies
  The ghost of caleiya the Firebug, a novice GrFE (D:5)
  Sigmund (D:2)
  10 yaks
  Grum (D:9)
  A basilisk (D:9)
  2 steam dragons (D:5)
  2 acid dragons
  2 water moccasins
  3 orc warriors
  3 ice beasts
  A sky beast (D:6)
  A hornet zombie (D:7)
  A black bear (D:6)
  3 wolves (D:9)
  3 centaurs
  A kobold brigand (D:9)
  A gnoll sergeant (D:6)
  3 bullfrogs (D:8)
  A wyvern skeleton (D:6)
  5 killer bees (D:9)
  4 wights
  3 howler monkeys
  A bullfrog zombie (D:7)
  A centaur skeleton (D:7)
  A hound (D:6)
  6 orc priests
  6 iguanas
  5 orc wizards
  A hound skeleton (D:5)
  A howler monkey zombie (D:8)
  3 gnolls (D:6)
  5 adders
  An ufetubus (D:7)
  2 worms
  An adder skeleton (D:4)
  2 dart slugs
  32 orcs
  11 ball pythons
  6 bats
  9 endoplasms
  3 giant cockroaches
  7 goblins
  9 hobgoblins
  5 jackals
  6 quokkas
  3 frilled lizards
  9 kobolds
  6 rats
200 creatures vanquished.

Vanquished Creatures (others)
  6 fungi (D:5)
6 creatures vanquished.

Grand Total: 206 creatures vanquished

Notes
Turn   | Place    | Note
-------+----------+-------------------------------------------
     0 | D:1      | Kinoniko the Demonspawn Berserker began the quest for the
                  | Orb.
     0 | D:1      | Reached XP level 1. HP: 18/18 MP: 1/1
   216 | D:1      | Reached skill level 3 in Long Blades
   422 | D:1      | Gained mutation: Spells you cast may paralyse adjacent
                  | enemies. [demonic ancestry]
   422 | D:1      | Reached XP level 2. HP: 24/24 MP: 2/2
  1144 | D:1      | Reached ** piety under Trog
  1147 | D:1      | Reached XP level 3. HP: 26/29 MP: 3/3
  1374 | D:1      | Reached skill level 4 in Long Blades
  1717 | D:2      | Found a faded altar of an unknown god.
  1986 | D:2      | Noticed Sigmund
  1992 | D:2      | Killed Sigmund
  1993 | D:2      | Reached skill level 5 in Long Blades
  1993 | D:2      | Gained mutation: Spells you cast may paralyse nearby
                  | enemies. [demonic ancestry]
  1993 | D:2      | Reached XP level 4. HP: 35/35 MP: 4/4
  1993 | D:2      | Reached XP level 5. HP: 41/41 MP: 5/5
  2382 | D:3      | Reached skill level 6 in Long Blades
  2556 | D:3      | Gained mutation: You have a pair of small horns on your
                  | head. [demonic ancestry]
  2556 | D:3      | Reached XP level 6. HP: 7/47 MP: 6/6
  2897 | D:3      | Found a snail-covered altar of Cheibriados.
  3150 | D:3      | Reached *** piety under Trog
  3428 | D:4      | Found a staircase to the Ecumenical Temple.
  3807 | D:4      | Found an ornate altar of the Wu Jian Council.
  3809 | D:4      | Found a radiant altar of Vehumet.
  3813 | D:4      | Found a stormy altar of Qazlal.
  3944 | D:4      | Found a blossoming altar of Fedhas.
  3952 | D:4      | Reached skill level 7 in Long Blades
  4332 | D:5      | Entered Level 5 of the Dungeon
  4422 | D:5      | Noticed a water moccasin
  4427 | D:5      | Killed a water moccasin
  4428 | D:5      | Reached XP level 7. HP: 52/52 MP: 7/7
  4477 | D:5      | Found a runed translucent door.
  4477 | D:5      | Noticed caleiya's ghost (novice GrFE)
  4532 | D:5      | Found a bloodstained altar of Trog.
  4682 | D:5      | Reached skill level 8 in Long Blades
  5267 | D:5      | Noticed a steam dragon
  5269 | D:5      | Noticed a steam dragon
  5274 | D:5      | Killed a steam dragon
  5280 | D:5      | Killed a steam dragon
  5281 | D:5      | Reached skill level 9 in Long Blades
  5281 | D:5      | Gained mutation: You are partially covered in slimy green
                  | scales. (AC +2) [demonic ancestry]
  5281 | D:5      | Reached XP level 8. HP: 58/58 MP: 8/8
  5553 | D:5      | Killed caleiya's ghost
  5705 | D:6      | Reached skill level 10 in Long Blades
  6237 | D:6      | Identified the +1 chain mail of Joekh {Regen+}
  6409 | D:6      | Reached skill level 11 in Long Blades
  6409 | D:6      | Gained mutation: Spells you cast and wands you use may
                  | paralyse nearby enemies. [demonic ancestry]
  6409 | D:6      | Reached XP level 9. HP: 63/63 MP: 9/9
  6989 | D:7      | Reached **** piety under Trog
  7233 | D:7      | Noticed Joseph
  7243 | D:7      | Killed Joseph
  7244 | D:7      | Reached skill level 12 in Long Blades
  7655 | D:7      | Reached skill level 13 in Long Blades
  7655 | D:7      | Gained mutation: A meltable shield of frost defends you.
                  | (SH +4) [demonic ancestry]
  7655 | D:7      | Reached XP level 10. HP: 70/70 MP: 10/10
  8013 | D:8      | Found Lizis Beism's Book Boutique.
  8873 | D:9      | Reached skill level 14 in Long Blades
  8992 | D:9      | Reached ***** piety under Trog
  8997 | D:9      | Received a gift from Trog
  9063 | D:9      | Found an opulent altar of Gozag.
  9164 | D:9      | Noticed Grum
  9179 | D:9      | Killed Grum
  9287 | D:9      | Noticed a tengu warrior
  9288 | D:9      | Noticed a cyclops
  9288 | D:9      | Noticed a four-headed hydra
  9288 | D:9      | Noticed a brown ugly thing
  9294 | D:9      | Killed an eight-headed hydra
  9298 | D:9      | Killed a tengu warrior
  9301 | D:9      | Reached skill level 15 in Long Blades
  9301 | D:9      | Reached XP level 11. HP: 68/75 MP: 11/11
  9307 | D:9      | Hit by a large rock thrown by a cyclops

Illustrated notes

Levels and vault maps discovered:
D:1:      moated_graveyard_arrival, layout_loops_ring, minmay_ruptured
D:2:      layout_basic, shapermc_ecumenical_altar_notcrosses, uniq_sigmund
D:3:      layout_basic, amcnicky_altar_gilded, moated_statue
D:4:      layout_loops_corners, fedhas_altar_1, minitemple,
          minmay_temple_entry_crystal_x
D:5:      kennysheep_steamy, layout_basic, trog_book,
          hellmonk_ghost_happy_afterlife
D:6:      layout_basic, st_stairs_14, nrook_mini_vaults, serial_park_tiny_2,
          kennysheep_generic_room_3
D:7:      minmay_general_purpose_star, layout_loops_corners, uniq_joseph
D:8:      layout_cave_pods, serial_shops, kennysheep_mini_moat,
          nicolae_zen_rock_garden
D:9:      minmay_curly_fans, layout_long_grid, nemelex_diamond_rough_becter,
          gammafunk_temple_overflow_pools, uniq_grum

Skill      XL: |  1  2  3  4  5  6  7  8  9 10 |
---------------+-------------------------------+-----
Long Blades    | 3 5 6 7 9 11 13 15 | 15.0
Fighting       | |  3.0
Armour         | |  1.7
Dodging        | |  1.7

Action                   |  1- 3 |  4- 6 |  7- 9 | 10-12 || total
-------------------------+-------+-------+-------+-------++-------
Melee: Falchion          |   118 |    52 |       |       ||   170
       Short sword       |       |    60 |   139 |       ||   199
       Headbutt          |       |    23 |    42 |    21 ||    86
       Long sword        |       |       |    35 |   108 ||   143
Invok: Berserk           |     4 |     5 |    12 |     6 ||    27
  Use: Potion            |       |     2 |       |       ||     2
 Stab: Sleeping          |     1 |       |       |       ||     1
Armor: Animal skin       |    16 |       |       |       ||    16
       Ring mail         |    11 |     9 |       |       ||    20
       Scale mail        |       |    16 |    17 |       ||    33
       Chain mail        |       |       |    32 |    50 ||    82
Dodge: Dodged            |    84 |    48 |    54 |    48 ||   234
Block: Other             |       |       |       |    14 ||    14
       Rpst.: Falchion   |    21 |    10 |       |       ||    31
       Long sword        |       |       |     3 |    11 ||    14

Table legend: (Time is in decaauts)
 A = Elapsed time spent in this place.
 B = Non-inter-level travel time spent in this place.
 C = Inter-level travel time spent in this place.
 D = Time resting spent in this place.
 E = Time spent auto-exploring this place.
 F = Levels seen in this place.
 G = Mean time per level.
                   A        B        C        D        E       F      G
               +--------+--------+--------+--------+--------+-----+--------+
         Total |   9428 |   9189 |    239 |   1946 |   6197 |   9 | 1047.6 |
       Dungeon |   9428 |   9189 |    239 |   1946 |   6197 |   9 | 1047.6 |
               +--------+--------+--------+--------+--------+-----+--------+

Top non-repeatable levels by time:
     D:1: 1588 daAuts
     D:5: 1310 daAuts
     D:6: 1218 daAuts
     D:7: 1058 daAuts
     D:3: 1050 daAuts
     D:4: 904 daAuts
     D:8: 867 daAuts
     D:2: 847 daAuts
     D:9: 582 daAuts
